 Dungeon Crawl Stone Soup version 0.24-a0-489-g1c7b743a30 (webtiles) character file.

Game seed: 4818423618803767290

497 Azzok the Magician (level 6, -10/32 HPs)
             Began as a Deep Elf Earth Elementalist on July 11, 2019.
             Was an Initiate of Vehumet.
             Shot with an arrow by a centaur (16 damage)
             ... on level 5 of the Dungeon.
             The game lasted 00:05:43 (4946 turns).

Azzok the Magician (Deep Elf Earth Elementalist)    Turns: 4946, Time: 00:05:43

Health: -10/32     AC:  3    Str:  5    XL:     6   Next: 93%
Magic:  13/17      EV: 13    Int: 28    God:    Vehumet [......]
Gold:   104        SH:  0    Dex: 15    Spells: 9/18 levels left

rFire    . . .     SeeInvis .   s - +4 halberd
rCold    . . .     Gourm    .   (shield currently unavailable)
rNeg     . . .     Faith    .   c - +0 robe
rPois    .         Spirit   .   (no helmet)
rElec    .         Reflect  .   b - +0 cloak
rCorr    .         Harm     .   (no gloves)
MR       .....                  (no boots)
Stlth    ++........             (no amulet)
HPRegen  0.10/turn              j - +6 ring of intelligence
MPRegen  0.15/turn              (no ring)

@: no status effects
A: no striking features
a: Renounce Religion


You were on level 5 of the Dungeon.
You worshipped Vehumet.
Vehumet was noncommittal.
You were very hungry.

You visited 2 branches of the dungeon, and saw 6 of its levels.

You collected 104 gold pieces.

Inventory:

Hand Weapons
 s - a +4 halberd (weapon)
Missiles
 h - 68 stones (quivered)
Armour
 b - a +0 cloak (worn)
 c - a +0 robe (worn)
 o - a scarf of cloud immunity
 u - a +0 shield
Jewellery
 j - a +6 ring of intelligence (left hand)
Wands
 p - a wand of random effects (8)
Scrolls
 a - a scroll of remove curse {unknown}
 e - 6 scrolls of teleportation {unknown}
 f - 2 scrolls of blinking {unknown}
 g - 4 scrolls of identify {unknown}
 q - 2 scrolls of fear {unknown}
 w - a scroll of enchant weapon {unknown}
Potions
 i - a potion of curing {unknown}
 k - 2 potions of degeneration {unknown}
 l - 2 potions of haste
 m - a potion of lignification {unknown}
 n - a potion of mutation {unknown}
 r - 2 potions of heal wounds {unknown}
 t - a potion of brilliance {unknown}
 v - a potion of cancellation {unknown}
 x - a potion of agility {unknown}
Comestibles
 d - 6 rations


   Skills:
 - Level 2.4 Dodging
 - Level 2.4 Stealth
 + Level 0.0 Shields
 + Level 6.7 Spellcasting
 - Level 3.1 Conjurations
   Level 1.1 Transmutations
 + Level 6.0 Earth Magic


You had 9 spell levels left.
You knew the following spells:

 Your Spells              Type           Power        Failure   Level  Hunger
a - Sandblast             Erth           #####.       1%          1    None
b - Stone Arrow           Conj/Erth      #####.       2%          3    None
c - Lee's Rapid Deconstr  Erth           #####.....   13%         5    #####..

Your spell library contained the following spells:

 Spells                   Type           Power        Failure   Level  Hunger
 Passwall                 Tmut/Erth      ####....     1%          2    None
 Petrify                  Tmut/Erth      ####....     13%         4    ###....


Dungeon Overview and Level Annotations

Branches:
Dungeon (5/15)             Temple (1/1) D:4

Altars:
Cheibriados
Gozag
Ru
Trog
Vehumet
Wu Jian
Yredelemnul
The Shining One

Annotations:
D:4 1 runed translucent door


Message History

Vehumet accepts your kill.
A centaur comes into view.
A giant cockroach and a centaur come into view.
The centaur shouts! x2
The centaur wields a +0 shortbow.
The centaur shoots an arrow.
The arrow hits you!
You see here an arrow.
Casting: Stone Arrow (safe; 2% risk of failure)
Confirm with . or Enter, or press ? or * to list all spells.
Aiming: Stone Arrow (safe; 2% risk of failure)
Press: ? - help, Shift-Dir - straight line, f - centaur
Aim: a centaur The stone arrow hits the centaur!
The centaur is moderately wounded.
The centaur shoots an arrow.
The arrow hits you!
* * * LOW HITPOINT WARNING * * *
The centaur wields a +0 shortbow.
The centaur shoots an arrow.
The arrow hits you!
Ouch! That really hurt!
You die...

▒▒▒▒▒ ▒ ▒▒···
··▒▒▒▒··c·
····▒····
▒········
▒▒$····▒▒▒
▒··c·····▒▒▒
·····▒@····▒▒▒
···
▒▒▒·····▒▒▒ w
▒▒▒····<▒
▒▒▒▒▒▒▒


You could see 2 centaurs.

Vanquished Creatures
  2 ogres (D:4)
  A hound (D:4)
  A worker ant (D:4)
  Ijyb (D:3)
  5 gnolls
  8 adders
  2 oozes (D:2)
  An adder skeleton (D:5)
  3 worms
  6 dart slugs
  3 leopard geckos
  7 orcs
  8 bats
  4 giant cockroaches
  7 goblins
  9 hobgoblins
  5 jackals
  8 kobolds
  A quokka (D:3)
  4 frilled lizards
  A goblin zombie (D:4)
  A jackal skeleton (D:4)
  A jackal zombie (D:4)
  7 rats
96 creatures vanquished.

Notes
Turn   | Place    | Note
-------+----------+-------------------------------------------
     0 | D:1      | Azzok the Deep Elf Earth Elementalist began the quest for
                  | the Orb.
     0 | D:1      | Reached XP level 1. HP: 10/10 MP: 6/6
   239 | D:1      | Reached XP level 2. HP: 12/15 MP: 2/8
   616 | D:1      | Reached XP level 3. HP: 14/19 MP: 6/10
   750 | D:1      | Learned a level 3 spell: Stone Arrow
  1784 | D:2      | Reached skill level 1 in Conjurations
  1784 | D:2      | Reached XP level 4. HP: 24/24 MP: 7/12
  2456 | D:3      | Reached skill level 5 in Spellcasting
  2456 | D:3      | Reached XP level 5. HP: 27/28 MP: 0/14
  2744 | D:3      | Noticed Ijyb
  2747 | D:3      | Killed Ijyb
  3002 | D:3      | Found a snail-covered altar of Cheibriados.
  3167 | D:3      | Reached skill level 5 in Earth Magic
  3690 | D:4      | Noticed an ogre
  3694 | D:4      | Killed an ogre
  3694 | D:4      | Reached XP level 6. HP: 32/32 MP: 9/16
  4034 | D:4      | Found a staircase to the Ecumenical Temple.
  4042 | Temple   | Entered the Ecumenical Temple
  4056 | Temple   | Became a worshipper of Vehumet
  4098 | D:4      | Found a runed translucent door.
  4098 | D:4      | Noticed a human
  4278 | D:4      | Found a basalt altar of Yredelemnul.
  4354 | D:4      | Learned a level 5 spell: Lee's Rapid Deconstruction
  4905 | D:5      | Entered Level 5 of the Dungeon
  4946 | D:5      | Shot with an arrow by a centaur

Levels and vault maps discovered:
D:1:      lightli_arrival_boilingwater, layout_rooms, chequers_garden,
          serial_bayou_pond_e
D:2:      layout_basic, minmay_large_rounded_square
D:3:      layout_basic, kennysheep_slug_shrine, uniq_ijyb
D:4:      layout_loops_ring, minmay_temple_entry_glassed_door,
          dk_yredelemnul_ordeal
D:5:      layout_rooms, nicolae_overflow_crystal_walls, first_ration,
          bh_chokoban, minmay_crossroads
Temple:   nicolae_temple_god_jail

Skill      XL: |  1  2  3  4  5  6 |
---------------+-------------------+-----
Spellcasting   | 4 5 6 |  6.7
Earth Magic    | 4 5 6 |  6.0
Conjurations   | 1 2 3 |  3.1
Dodging        | |  2.4
Stealth        | |  2.4
Transmutations | |  1.1

Action                   |  1- 3 |  4- 6 || total
-------------------------+-------+-------++-------
Melee: Unarmed           |    10 |       ||    10
       Short sword       |     7 |    30 ||    37
       Halberd           |       |     4 ||     4
 Cast: Sandblast         |    35 |       ||    35
       Stone Arrow       |    18 |    70 ||    88
  Eat: Chunk             |     3 |     9 ||    12
Armor: Robe              |    13 |     8 ||    21
Dodge: Dodged            |    53 |    31 ||    84

Table legend:
 A = Non-vault XP
 B = Vault XP
 C = Vault XP percentage of total XP
 D = Non-vault monster count
 E = Vault monster count
 F = Vault count percentage of total count
                 A         B        C        D         E       F
            +---------+---------+-------+---------+---------+-------
      Total |     669 |      42 |   5.9 |      91 |       5 |   5.2
            +---------+---------+-------+---------+---------+-------
        D:1 |      61 |       0 |   0.0 |      29 |       0 |   0.0
        D:2 |     107 |       0 |   0.0 |      28 |       0 |   0.0
        D:3 |     103 |      39 |  27.5 |      15 |       2 |  11.8
        D:4 |     393 |       3 |   0.8 |      18 |       3 |  14.3
        D:5 |       5 |       0 |   0.0 |       1 |       0 |   0.0
            +---------+---------+-------+---------+---------+-------
